 Dungeon Sprint DCSS version 0.17-a0-764-gd40c196 (webtiles) character file.

1000000 namelastname112 the Black Belt (level 11, -45/100 HPs)
             Began as a Demonspawn Monk on Apr 23, 2015.
             Was a Believer of Makhleb.
             Annihilated by a meat berserker
             ... wielding a +9 battleaxe
              (66 damage)
             ... in the Dungeon (Sprint VIII: "Arena of Blood").
             The game lasted 00:00:12 (10 turns).

namelastname112 the Black Belt (Demonspawn Monk)      Turns: 10, Time: 00:00:12

Health: -45/100    AC:  4    Str: 12    XL:     11   Next: 71%
Magic:  11/11      EV: 23    Int: 11    God:    Makhleb [**....]
Gold:   0          SH:  0    Dex: 19    Spells: 0 memorised, 10 levels left

rFire  + . .     SeeInvis +     i - +∞ Axe of Woe
rCold  . . .     Clarity  .     a - +0 robe
rNeg   . . .     SustAb   .     (no shield)
rPois  .         Gourm    .     (helmet unavailable)
rElec  .         Spirit   .     (no cloak)
rCorr  .         Warding  .     (no gloves)
rMut   .         NoTele   +     (no boots)
MR     .....                    (no amulet)
Stlth  +++++.....               (no ring)
                                (no ring)

@: not resistant to hostile enchantments, quite stealthy
A: antennae 3, yellow scales 1, fire resistance 1, nightstalker 2, flame cloud
immunity
a: Minor Destruction, Renounce Religion


You were in the Dungeon.
You worshipped Makhleb.
Makhleb was pleased with you.
You were not hungry.

You visited 1 branch

Inventory:

Hand weapons
 i - the +∞ Axe of Woe (weapon)
   (You found it in the Dungeon)
Armour
 a - a +0 robe (worn)
Scrolls
 h - a scroll of blinking
Potions
 c - a potion of curing
 d - a potion of heal wounds
 e - a potion of haste
 f - 2 potions of magic
 g - a potion of berserk rage
Comestibles
 b - a bread ration


   Skills:
 + Level 14.1 Fighting
 + Level 2.4 Axes
 + Level 12.8 Dodging
 + Level 5.5 Stealth
 + Level 18.8 Unarmed Combat


You had 10 spell levels left.
You didn't know any spells.

Dungeon Overview and Level Annotations

Branches:
Dungeon (1/1)

Altars:
Makhleb


Innate Abilities, Weirdness & Mutations

You have a pair of large antennae on your head (SInv).
You are partially covered in yellow scales (AC +2).
Your flesh is heat resistant.
You are significantly more attuned to the shadows.
You are immune to clouds of flame.


Message History

You feel less concerned about heat.
You have reached level 9!
Your experience leads to an increase in your attributes!
Increase (S)trength, (I)ntelligence, or (D)exterity?
You feel agile.
Your demonic ancestry asserts itself...
The antennae on your head grow some more.
You have reached level 10!
Your demonic ancestry asserts itself...
You slip into the darkness of the dungeon.
You have reached level 11!
Your demonic ancestry asserts itself...
You slip further into the darkness.
You hear a shout! x11
The meat berserker rages.
You hear a shout!
The bag of meat hits you with a +9 war axe!!
* * * LOW HITPOINT WARNING * * *
The meat berserker hits you with a +9 battleaxe!!!
Ouch! That really hurt!
You die...

#.. ..# #.. ..#
.###.. ..###.
......###......
....._.....
#.....# . #_.<._#
.
.....#.....#.....
......oo@O..O....
.......###.......
.###.. ..###. #..
..# #. .# .. .o .
.


You could see 2 meat berserkers and 2 bags of meat.

Vanquished Creatures
  An orc (D)
1 creature vanquished.

Notes
Turn   | Place    | Note
--------------------------------------------------------------
     0 | D        | namelastname112, the Demonspawn Monk, began the quest for the Orb.
     0 | D        | Reached XP level 1. HP: 18/18 MP: 1/1
     3 | D        | Noticed a bag of meat
     4 | D        | Noticed a bag of meat
     4 | D        | Became a worshipper of Makhleb the Destroyer
     4 | D        | Acquired Makhleb's first power
     4 | D        | Acquired Makhleb's second power
     6 | D        | Noticed a bag of meat
     9 | D        | Noticed a meat berserker
    10 | D        | Noticed a meat berserker
    10 | D        | Killed a bag of meat
    10 | D        | Reached skill level 14 in Fighting
    10 | D        | Reached skill level 5 in Stealth
    10 | D        | Reached skill level 18 in Unarmed Combat
    10 | D        | Gained mutation: Your flesh is heat resistant. [demonic ancestry]
    10 | D        | Reached XP level 2. HP: 21/42 MP: 2/2
    10 | D        | Gained mutation: You have a pair of small antennae on your head. [demonic ancestry]
    10 | D        | Reached XP level 3. HP: 24/48 MP: 3/3
    10 | D        | Gained mutation: You are partially covered in yellow scales (AC +2). [demonic ancestry]
    10 | D        | Reached XP level 4. HP: 27/55 MP: 4/4
    10 | D        | Gained mutation: You have a pair of antennae on your head. [demonic ancestry]
    10 | D        | Reached XP level 5. HP: 29/61 MP: 5/5
    10 | D        | Reached XP level 6. HP: 32/68 MP: 6/6
    10 | D        | Reached XP level 7. HP: 34/74 MP: 7/7
    10 | D        | Gained mutation: You are immune to clouds of flame. [demonic ancestry]
    10 | D        | Reached XP level 8. HP: 37/81 MP: 8/8
    10 | D        | Gained mutation: You have a pair of large antennae on your head (SInv). [demonic ancestry]
    10 | D        | Reached XP level 9. HP: 39/87 MP: 9/9
    10 | D        | Gained mutation: You are slightly more attuned to the shadows. [demonic ancestry]
    10 | D        | Reached XP level 10. HP: 42/94 MP: 10/10
    10 | D        | Gained mutation: You are significantly more attuned to the shadows. [demonic ancestry]
    10 | D        | Reached XP level 11. HP: 44/100 MP: 11/11
    10 | D        | Annihilated by a meat berserker

Action                   |  1- 3 |  4- 6 |  7- 9 | 10-12 || total
-------------------------+-------+-------+-------+-------++-------
Melee: Executioner's axe |     1 |       |       |       ||     1
